 Dungeon Crawl Stone Soup version 0.30-a0-4-ga7cffc901d (webtiles) character file.

Game seed: 2578297016694210160

2 drpainis the Caller (level 1, 0/9 HPs)
             Began as a Spriggan Summoner on Aug 20, 2022.
             Slain by a kobold
             ... wielding a +0 club
              (4 damage)
             ... on level 1 of the Dungeon.
             The game lasted 00:00:17 (141 turns).

drpainis the Caller (Spriggan Summoner)              Turns: 141, Time: 00:00:17

Health: 0/9        AC:  2    Str:  4    XL:     1   Next: 25%
Magic:  3/5        EV: 17    Int: 16    God:
Gold:   16         SH:  0    Dex: 15    Spells: 4/5 levels left

rFire   . . .      SeeInvis +    (weapon restricted)
rCold   . . .      Faith    .    (no shield)
rNeg    . . .      Spirit   .    a - +0 robe
rPois   .          Reflect  .    (helmet restricted)
rElec   .          Harm     .    (no cloak)
rCorr   .          Rampage  .    (gloves unavailable)
Will    .....                    (boots unavailable)
Stlth   ++........               (no amulet)
HPRegen 0.03/turn                (no ring)
MPRegen 0.09/turn                (no ring)

@: very quick
A: very small, no large weapons, unfitting armour, see invisible, speed 3
a: no special abilities


You were on level 1 of the Dungeon.
You visited 1 branch of the dungeon, and saw 1 of its levels.

You collected 16 gold pieces.

Inventory:

Armour
 a - a +0 robe (worn)
Scrolls
 c - a scroll of vulnerability {unknown}
 d - a scroll of identify {unknown}
 e - a scroll of noise {unknown}
Potions
 b - a potion of magic


   Skills:
 + Level 2.7 Dodging
 + Level 3.0 Stealth
 + Level 2.8 Spellcasting
 + Level 3.3 Summonings


You had 4 spell levels left.
You knew the following spells:

 Your Spells              Type           Power      Damage    Failure   Level
a - Summon Small Mammal   Summ           48%        N/A       4%          1

Your spell library contained the following spells:

 Spells                   Type           Power      Damage    Failure   Level
 Call Imp                 Summ           12%        N/A       8%          2
 Call Canine Familiar     Summ           12%        N/A       14%         3
 Summon Guardian Golem    Hex/Summ       7%         N/A       28%         3
 Summon Lightning Spire   Summ/Air       7%         N/A       67%         4


Dungeon Overview and Level Annotations

Branches:
Dungeon (1/15)

Altars:

Annotations:
D:1 1 runed translucent door


Innate Abilities, Weirdness & Mutations

You are very small and have problems with some larger weapons.
You are too small for most types of armour.
You have supernaturally acute eyesight. (SInv)
You cover ground extremely quickly. (Speed+++)


Message History

A rat is nearby!
A kobold comes into view. It is wielding a +0 club.
The kobold shouts!
The kobold hits you with a +0 club. The kobold completely misses you.
You hit the rat.
The rat is heavily wounded.
The kobold misses you. The rat misses you.
You hit the rat but do no damage.
The rat is heavily wounded.
The kobold closely misses you. The rat completely misses you.
Found 5 stones.
Casting: Summon Small Mammal (safe; 4% risk of failure)
Confirm with . or Enter, or press ? or * to list all spells.
The rat misses you.
Unknown command.
Casting: Summon Small Mammal (safe; 4% risk of failure)
Confirm with . or Enter, or press ? or * to list all spells.
Your bat hits the rat but does no damage.
The rat misses you. The kobold misses you.
Unknown command.
You swap places.
Your bat barely misses the rat.
Your bat barely misses the rat.
Your bat barely misses the kobold.
Your bat closely misses the rat.
Your bat barely misses the rat.
Your bat closely misses the kobold. x2
The rat barely misses you. The kobold misses you.
You closely miss the kobold. Your bat misses the kobold.
Your bat hits the rat but does no damage.
The rat closely misses your bat. The kobold closely misses you.
You closely miss the kobold.
Your bat hits the kobold but does no damage.
Your bat hits the rat.
The rat dies!
The kobold misses you.
You closely miss the kobold.
Your bat barely misses the kobold. x2
The kobold hits you with a +0 club.
You barely miss the kobold.
Your bat hits the kobold but does no damage.
Your bat hits the kobold. The kobold hits you with a +0 club.
You die...

#....... ..## #....... .
....### #....... ..
.....# ####....... ...
#...###..........
....#####..#...##..#....
............###..##....
#...K...##...###....
#.b@†b.....### #....
#....##..### #.....
........###.... ...###.
.(........ ..##....# #.
......#####... ... #.
...... #.... .. ###.
.....# ..#... . ....
###.. .# ##.. .... ....


You could see a kobold (ally target) and 2 friendly bats.

Vanquished Creatures (collateral kills)
  A bat (D:1)
  A rat (D:1)
2 creatures vanquished.

Notes
Turn   | Place    | Note
-------+----------+-------------------------------------------
     0 | D:1      | drpainis the Spriggan Summoner began the quest for the Orb.
     0 | D:1      | Reached XP level 1. HP: 9/9 MP: 5/5
     1 | D:1      | Found a runed translucent door.
   141 | D:1      | Slain by a kobold

Illustrated notes

Levels and vault maps discovered:
D:1:      dpeg_arrival_caged_fury, layout_rooms

Action                   || total
-------------------------++-------
Melee: Unarmed           ||     8
 Cast: Summon Small Mamm ||     4
Armor: Robe              ||     2
Dodge: Dodged            ||    21

Table legend: (Time is in decaauts)
 A = Elapsed time spent in this place.
 B = Non-inter-level travel time spent in this place.
 C = Inter-level travel time spent in this place.
 D = Time resting spent in this place.
 E = Time spent auto-exploring this place.
 F = Levels seen in this place.
 G = Mean time per level.
                   A        B        C        D        E       F      G
               +--------+--------+--------+--------+--------+-----+--------+
         Total |     97 |     97 |      0 |      0 |     64 |   1 |   97.0 |
       Dungeon |     97 |     97 |      0 |      0 |     64 |   1 |   97.0 |
               +--------+--------+--------+--------+--------+-----+--------+

Top non-repeatable levels by time:
     D:1: 97 daAuts
